 Dungeon Crawl Stone Soup version 0.24-a0-19-g0b81bb8f68 (webtiles) character file.

Game seed: 8968397378651673136

18 Camlann the Ducker (level 2, -1/24 HPs)
             Began as a Demonspawn Monk on Feb 1, 2019.
             Slain by a gnoll
             ... wielding a +0 club
              (4 damage)
             ... on level 2 of the Dungeon.
             The game lasted 00:01:03 (840 turns).

Camlann the Ducker (Demonspawn Monk)                 Turns: 840, Time: 00:01:04

Health: -1/24      AC:  2    Str: 11    XL:     2   Next: 51%
Magic:  2/2        EV: 14    Int: 11    God:
Gold:   51         SH:  0    Dex: 21    Spells: 1/1 levels left

rFire    + . .     SeeInvis .     - Unarmed
rCold    + . .     Gourm    .   (no shield)
rNeg     . . .     Faith    .   a - +0 robe
rPois    +         Spirit   .   (no helmet)
rElec    +         Reflect  .   (no cloak)
rCorr    +         Harm     .   (no gloves)
MR       .....                  (no boots)
Stlth    +++.......             (no amulet)
HPRegen  0.08/turn              g - +4 ring of dexterity
MPRegen  0.08/turn              (no ring)

@: resistant
A: thin skeletal structure 1
a: no special abilities


You were on level 2 of the Dungeon.
You were not hungry.

You visited 1 branch of the dungeon, and saw 2 of its levels.

You collected 51 gold pieces.

Inventory:

Armour
 a - a +0 robe (worn)
Jewellery
 g - a +4 ring of dexterity (left hand)
Scrolls
 c - a scroll of fog {unknown}
 d - a scroll of teleportation {unknown}
 h - a scroll of blinking {unknown}
 i - 2 scrolls of identify
Potions
 f - a potion of haste {unknown}
Comestibles
 b - a ration


   Skills:
 - Level 3.0 Fighting
 + Level 3.5 Dodging
 - Level 1.7 Stealth
 - Level 2.6 Unarmed Combat


You had one spell level left.
You didn't know any spells.
Your spell library was empty.

Dungeon Overview and Level Annotations

Branches:
Dungeon (2/15)

Altars:


Innate Abilities, Weirdness & Mutations

You have a somewhat thin skeletal structure. (Dex +2, Stealth)


Message History

You are too injured to fight recklessly!
You are too injured to fight recklessly!
You are too injured to fight recklessly!
You are too injured to fight recklessly!
The gnoll barely misses you.
Things that are here:
a +0 short sword; a stone You hit the gnoll but do no damage.
The gnoll completely misses you.
You hit the gnoll. The gnoll misses you.
You hit the gnoll. The gnoll hits you with a +0 club.
You hit the gnoll. You punch the gnoll, but do no damage.
The gnoll hits you from afar with a +0 halberd.
The gnoll hits you with a +0 club!
* * * LOW HITPOINT WARNING * * *
You hit the gnoll. The gnoll closely misses you. The gnoll misses you.
You see here a stone.
It was a potion of resistance.
You feel protected. The gnoll hits you with a +0 club.
You die...

.. .. ##### #.. ... #.
#... #.... ...
#..#####.#######.#..). ..
#..............#.#.#.. ###
#......).............. ...
.?.....g.#g#.....# #....##
# .###...#.#g#.##..#
#.##..###
#....#.#.@.....#.#.##.†...
#....#.###.##.##.#.###.###
#....#.........#.........#
#....######.#[..<#.###.#..
#.#+# .....#.####.# #....
###..#......# ##...
..........#### ..#
..#######..# ...# #$⌠.
##.# ...


You could see 2 gnolls.

Vanquished Creatures
  A dart slug (D:2)
  A leopard gecko (D:1)
  3 goblins (D:1)
  5 kobolds
  A ball python (D:1)
  A bat (D:1)
  3 frilled lizards (D:1)
  2 rats
17 creatures vanquished.

Notes
Turn   | Place    | Note
-------+----------+-------------------------------------------
     0 | D:1      | Camlann the Demonspawn Monk began the quest for the Orb.
     0 | D:1      | Reached XP level 1. HP: 18/18 MP: 1/1
   403 | D:1      | Gained mutation: You have a somewhat thin skeletal
                  | structure. (Dex +2, Stealth) [demonic ancestry]
   403 | D:1      | Reached XP level 2. HP: 20/24 MP: 2/2
   840 | D:2      | Slain by a gnoll

Vault maps used:
D:1:      co_arrival_random_square_maze
D:2:      cheibrodos_pilgrimage, xom_butterflies, first_ration, tso_altar

Skill      XL: |  1 |
---------------+----+-----
Dodging        | 3 |  3.5
Fighting       | |  3.0
Stealth        | |  1.7
Unarmed Combat | |  2.6

Action                   || total
-------------------------++-------
Melee: Unarmed           ||    55
       Punch             ||     1
  Use: Scroll            ||     2
       Potion            ||     1
 Stab: Sleeping          ||     7
Armor: Robe              ||    12
Dodge: Dodged            ||    40

Table legend:
 A = Non-vault XP
 B = Vault XP
 C = Vault XP percentage of total XP
 D = Non-vault monster count
 E = Vault monster count
 F = Vault count percentage of total count
                 A         B        C        D         E       F
            +---------+---------+-------+---------+---------+-------
      Total |      27 |       0 |   0.0 |      17 |       0 |   0.0
            +---------+---------+-------+---------+---------+-------
        D:1 |      16 |       0 |   0.0 |      12 |       0 |   0.0
        D:2 |      11 |       0 |   0.0 |       5 |       0 |   0.0
            +---------+---------+-------+---------+---------+-------
